 Dungeon Crawl Stone Soup version 0.32-a0-540-g866d13106e (webtiles) character file.

Game seed: 8382224649299769080

39 ezpacito the Trooper (level 3, -2/29 HPs)
             Began as a Demonspawn Chaos Knight on Feb 28, 2024.
             Was a Plaything of Xom.
             Succumbed to an adder's poison
             ... on level 2 of the Dungeon.
             The game lasted 00:01:35 (805 turns).

ezpacito the Trooper (Demonspawn Chaos Knight)       Turns: 805, Time: 00:01:36

Health: -2/29      AC:  4    Str: 14    XL:     3   Next: 28%
Magic:  4/4        EV: 26    Int: 12    God:    Xom [.*....]
Gold:   55         SH:  0    Dex: 12    Spells: 3/3 levels left

rFire   + . .        a - +0 hand axe (chaos)
rCold   . . .        (no shield)
rNeg    . . .        b - +2 leather armour
rPois   .            k - +1 hat
rElec   .            (no cloak)
rCorr   .            (no gloves)
SInv    .            (no boots)
Will    .....        n - amulet of the acrobat
Stlth   +            (no ring)
HPRegen 0.24/turn    (no ring)
MPRegen 0.09/turn

%: acrobat
@: lethally poisoned (-2 -> -21), acrobatic, unable to drink
A: hooves 1, powered by pain 1, deformed body, fire resistance 1, inability to
drink after injury 1
a: Renounce Religion


You were on level 2 of the Dungeon.
You worshipped Xom.
You were a plaything of Xom.
You visited 1 branch of the dungeon, and saw 2 of its levels.

You collected 55 gold pieces.

Inventory:

Hand Weapons
 a - a +0 hand axe of chaos (weapon)
Armour
 b - a +2 leather armour (worn)
 i - a +0 plate armour
 k - a +1 hat (worn)
Magical Staves
 j - a staff of alchemy
Jewellery
 n - an amulet of the acrobat (around neck)
Scrolls
 c - a scroll of butterflies
 d - 2 scrolls of identify {unknown}
 e - 3 scrolls of enchant weapon {unknown}
 f - a scroll of fog {unknown}
 h - a scroll of blinking {unknown}
 m - a scroll of amnesia {unknown}
Potions
 g - a potion of curing {unknown}
 l - a potion of enlightenment {unknown}
 o - 2 potions of heal wounds {unknown}


   Skills:
 * Level 3.2 Fighting
 * Level 2.9 Axes
 + Level 0.3(1.8) Polearms
 * Level 2.1 Armour
 * Level 1.3 Dodging
 + Level 0.3 Stealth
 * Level 0.5 Unarmed Combat
 * Level 0.7 Spellcasting


You had 3 spell levels left.
You didn't know any spells.
Your spell library contained the following spells:

 Spells                   Type           Power      Damage    Failure   Level
 Necrotise                Necr           0%         1d4       36%         1
 Vampiric Draining        Necr           0%         2d6       75%         3
 Martyr's Knell           Necr/Summ      0%         N/A       98%         4
 Passage of Golubria      Tloc           0%         N/A       98%         4
 Curse of Agony           Necr           0%         N/A       100%        5
 Silence                  Hex/Air        0%         N/A       100%        5
 Lehudib's Crystal Spear  Conj/Erth      0%         10d2      100%        8


Dungeon Overview and Level Annotations

Branches:
Dungeon (2/15)

Altars:

Shops:
D:1 *


Innate Abilities, Weirdness & Mutations

You have large cloven feet.
You sometimes gain a little power by taking damage.
Armour fits poorly on your strangely shaped body.
Your flesh is heat resistant. (rF+)
You occasionally lose the ability to drink potions when taking damage.


Message History

o - 2 amethyst potions (gained 1) "Let me alter your body."
Your body is suffused with distortional energy.
Your body twists and deforms.
You feel resistant to heat.
You occasionally lose the ability to drink potions when taking damage.
An adder comes into view.
An adder is nearby!
The adder hisses angrily.
You miss the adder. Your kick misses the adder.
The adder bites you but does no damage. x2
You closely miss the adder. The adder completely misses you.
You completely miss the adder. The adder bites you.
You are poisoned.
The adder poisons you!
You hit the adder.
The adder seems to speed up.
Your kick misses the adder.
The adder is heavily wounded.
You feel sick. The adder bites you.
You are more poisoned.
The adder poisons you! The adder bites you.
You feel threatened and lose the ability to drink potions!
You are lethally poisoned!
The adder poisons you! The adder bites you.
You are more poisoned.
The adder poisons you!
You miss the adder.
The adder is heavily wounded.
You feel extremely sick. The adder bites you but does no damage.
The adder bites you.
* * * LOW HITPOINT WARNING * * *
You are more poisoned.
The adder poisons you!
As you read the scroll of butterflies, it crumbles to dust.
You hear the flapping of tiny wings.
The adder is knocked back by the sudden gust.
* * * LOW HITPOINT WARNING * * *
You feel very sick.
The adder closely misses your butterfly. x2
You cannot drink potions in your current state!
You die...
Xom snickers!

....)..........#########
...).......<......>....#
.>..........##...#####..
............####.#
##..........# #...
##........### ####..
#...........# .. .
#...........#######....
#.........bbbbb@bbS.#
#..(......b##########
#..........#
##........## ##......##
########


You could see an adder (fast, ally target).

Vanquished Creatures
  A gnoll (D:1)
  A dart slug (D:1)
  3 ball pythons
  4 bats
  3 endoplasms (D:2)
  A goblin (D:1)
  5 hobgoblins
  4 kobolds
  A frilled lizard (D:1)
  3 rats (D:1)
26 creatures vanquished.

Notes
Turn   | Place    | Note
-------+----------+-------------------------------------------
     0 | D:1      | ezpacito the Demonspawn Chaos Knight began the quest for
                  | the Orb.
     0 | D:1      | Reached XP level 1. HP: 18/18 MP: 1/1
    60 | D:1      | XOM: silly message
   124 | D:1      | Reached skill level 1 in Dodging
   211 | D:1      | Discovered your monstrous ancestry.
   211 | D:1      | Gained mutation: You have large cloven feet. [demonic
                  | ancestry]
   211 | D:1      | Reached XP level 2. HP: 24/24 MP: 2/2
   233 | D:1      | Found Mupiap's Assorted Antiques.
   607 | D:2      | Gained mutation: You sometimes gain a little power by
                  | taking damage. [demonic ancestry]
   607 | D:2      | Reached XP level 3. HP: 29/29 MP: 4/4
   791 | D:2      | XOM: give mutations
   791 | D:2      | Gained mutation: Armour fits poorly on your strangely
                  | shaped body. [Xom's mischief]
   791 | D:2      | Gained mutation: Your flesh is heat resistant. (rF+) [Xom's
                  | mischief]
   791 | D:2      | Gained mutation: You occasionally lose the ability to drink
                  | potions when taking damage. [Xom's mischief]
   805 | D:2      | Succumbed to an adder's poison

Illustrated notes

Levels and vault maps discovered:
D:1:      psy_arrival_conway, layout_rooms, serial_shops,
          nicolae_shop_behind_doors, corexii_item_surrounded_by_moat
D:2:      layout_rooms

Skill      XL: |  1  2 |
---------------+-------+-----
Dodging        | 1 |  1.3
Armour         | 2 |  2.1
Fighting       | |  3.2
Axes           | |  2.9
Polearms       | |  0.3
Stealth        | |  0.3
Unarmed Combat | |  0.5
Spellcasting   | |  0.7

Action                     || total
---------------------------++-------
  Melee: Hand axe          ||    53
         Kick              ||     7
    Use: Scroll            ||     1
 Armour: Leather armour    ||    38
  Dodge: Dodged            ||    31

Table legend: (Time is in decaauts)
 A = Elapsed time spent in this place.
 B = Non-inter-level travel time spent in this place.
 C = Inter-level travel time spent in this place.
 D = Time resting spent in this place.
 E = Time spent auto-exploring this place.
 F = Levels seen in this place.
 G = Mean time per level.
                   A        B        C        D        E       F      G
               +--------+--------+--------+--------+--------+-----+--------+
         Total |    815 |    689 |    126 |      0 |    534 |   2 |  407.5 |
       Dungeon |    815 |    689 |    126 |      0 |    534 |   2 |  407.5 |
               +--------+--------+--------+--------+--------+-----+--------+

Top non-repeatable levels by time:
     D:1: 609 daAuts
     D:2: 206 daAuts
